 Dungeon Crawl Stone Soup version 0.23.1 (webtiles) character file.

Game seed: 9830496015421251602

1397 vatarom the Skirmisher (level 8, -12/83 HPs)
             Began as an Ogre Transmuter on Mar 17, 2019.
             Was an Initiate of Okawaru.
             Mangled by a troll (18 damage)
             ... on level 7 of the Dungeon.
             The game lasted 00:19:35 (9072 turns).

vatarom the Skirmisher (Ogre Transmuter)            Turns: 9072, Time: 00:19:36

Health: -12/83     AC:  4    Str: 16    XL:     8   Next: 69%
Magic:  12/14      EV: 11    Int: 14    God:    Okawaru [......]
Gold:   328        SH:  0    Dex: 10    Spells: 5/15 levels left

rFire    . . .     SeeInvis .     - Unarmed
rCold    . . .     Gourm    .   (no shield)
rNeg     . . .     Faith    .   e - +0 robe {MR+}
rPois    .         Spirit   .   (helmet restricted)
rElec    .         Reflect  .   r - +0 cloak
rCorr    .         Harm     .   (gloves unavailable)
MR       +....                  (boots unavailable)
Stlth    ++........             (no amulet)
HPRegen  0.23/turn              o - ring of stealth
MPRegen  0.14/turn              (no ring)

@: hasted, very quick
A: large, unfitting armour, tough skin 1
a: Renounce Religion


You were on level 7 of the Dungeon.
You worshipped Okawaru.
Okawaru was noncommittal.
You were not hungry.

You visited 2 branches of the dungeon, and saw 8 of its levels.

You collected 328 gold pieces.

Inventory:

Missiles
 a - 50 arrows
 i - a throwing net {!f}
 j - 3 steel tomahawks (quivered)
Armour
 e - a +0 robe of magic resistance (worn)
 r - a +0 cloak (worn)
Jewellery
 o - a ring of stealth (left hand)
Scrolls
 c - 2 scrolls of magic mapping
 f - 4 scrolls of teleportation {@r3}
 g - 2 scrolls of random uselessness
 h - a scroll of fog {unknown}
 k - 2 scrolls of amnesia
 m - 5 scrolls of remove curse {@r2}
 s - 2 scrolls of enchant weapon
 t - a scroll of immolation {unknown}
Potions
 b - a potion of might {@q4}
 l - a potion of invisibility
 n - a potion of haste {@q3}
 p - 2 potions of curing {@q1}
 q - 2 potions of magic
 u - a potion of flight
Comestibles
 d - 4 rations {@e1}
 v - 4 chunks of flesh


   Skills:
 - Level 5.7 Fighting
 - Level 3.7 Dodging
 - Level 4.5 Unarmed Combat
 * Level 4.1 Spellcasting
 + Level 4.7 Transmutations
 - Level 3.3 Ice Magic
 - Level 2.5 Poison Magic


You had 5 spell levels left.
You knew the following spells:

 Your Spells              Type           Power        Failure   Level  Hunger
a - Beastly Appendage     Tmut           ###...       2%          1    None
b - Spider Form           Tmut/Pois      ##........   13%         3    ###....
c - Ice Form              Ice/Tmut       ##......     36%         4    ####...
s - Sticks to Snakes      Tmut           ###.....     4%          2    ##.....

Your spell library contained the following spells:

 Spells                   Type           Power        Failure   Level  Hunger
 Blade Hands              Tmut           ###.......   58%         5    ######.


Dungeon Overview and Level Annotations

Branches:
Dungeon (7/15)             Temple (1/1) D:5

Altars:
Ashenzari
Cheibriados
Dithmenos
Elyvilon
Fedhas
Gozag
Hepliaklqana
Makhleb
Nemelex Xobeh
Okawaru
Sif Muna
Trog
Uskayaw
Vehumet
Wu Jian
Xom
Zin
The Shining One

Annotations:
D:2 1 runed translucent door, Crazy Yiuf
D:3 3 runed translucent doors, exclusion: worm, Zogzag's ghost, amateur HuEE
D:5 2 transporters, Curus's ghost, novice HOBe


Innate Abilities, Weirdness & Mutations

You are too large for most types of armour.
You have tough skin. (AC +1)


Message History

The troll closely misses you. The troll barely misses you. x2
You hit the troll.
The troll looks as sick as possible!
The troll is heavily wounded.
The troll bites you! The troll closely misses you.
The troll completely misses you.
You closely miss the troll.
The troll is heavily wounded.
Your transformation is almost over.
The troll bites you!
* * * LOW HITPOINT WARNING * * *
The troll misses you. x2
The troll misses you. The troll claws you!
* * * LOW HITPOINT WARNING * * *
The troll closely misses you.
Your transformation has ended.
Your +0 cloak unmelds from your body.
Your +0 robe of magic resistance unmelds from your body.
You feel resistant to hostile enchantments.
You feel yourself speed up. The troll bites you!!
You die...

#.####.####.#
#........†.#
######.###.#
#..# #
####.##
#....# #S####
#T# ##@##
######...###
.......#...#
.#####.<.#.#
##.##.# #.# #
#.# ..# ###


You could see a troll and an adder.

Vanquished Creatures
  A phantom (D:5)
  4 ogres
  2 bullfrogs (D:6)
  A scorpion (D:6)
  A howler monkey (D:5)
  A crimson imp (D:5)
  3 hounds
  An orc priest (D:4)
  A bullfrog skeleton (D:5)
  A centaur skeleton (D:6)
  3 orc wizards
  2 iguanas
  5 worker ants
  A hound skeleton (D:5)
  A worker ant zombie (D:6)
  A gnoll (D:4)
  A howler monkey skeleton (D:4)
  11 adders
  2 oozes
  An adder skeleton (D:5)
  An adder zombie (D:5)
  3 worms
  3 dart slugs (D:4)
  A leopard gecko (D:3)
  11 orcs
  8 giant cockroaches
  10 goblins
  A hobgoblin (D:2)
  3 jackals (D:2)
  4 kobolds
  A quokka (D:2)
  A ball python (D:3)
  10 bats
  6 frilled lizards
  A quokka skeleton (D:4)
  6 rats
114 creatures vanquished.

Vanquished Creatures (collateral kills)
  An ogre (D:4)
  An orc priest (D:5)
  An orc (D:5)
3 creatures vanquished.

Grand Total: 117 creatures vanquished

Notes
Turn   | Place    | Note
-------+----------+-------------------------------------------
     0 | D:1      | vatarom the Ogre Transmuter began the quest for the Orb.
     0 | D:1      | Reached XP level 1. HP: 19/19 MP: 3/3
   294 | D:1      | Reached skill level 2 in Fighting
   479 | D:1      | Reached XP level 2. HP: 28/28 MP: 5/5
   541 | D:1      | Learned a level 2 spell: Sticks to Snakes
   640 | D:1      | Reached skill level 3 in Fighting
  1219 | D:2      | Reached XP level 3. HP: 35/37 MP: 4/6
  1254 | D:2      | Learned a level 3 spell: Spider Form
  1475 | D:2      | Reached skill level 1 in Poison Magic
  1510 | D:2      | Reached XP level 4. HP: 45/45 MP: 3/7
  1694 | D:2      | Found a hazy altar of Hepliaklqana.
  1791 | D:2      | Found a runed translucent door.
  1792 | D:2      | Noticed Crazy Yiuf
  2217 | D:3      | Found a runed translucent gate.
  2217 | D:3      | Found a runed translucent gate.
  2218 | D:3      | Found a runed translucent gate.
  2219 | D:3      | Noticed Zogzag's ghost (amateur HuEE)
  2781 | D:3      | HP: 1/45 [something/puff of frost (11)]
  3439 | D:3      | Reached XP level 5. HP: 21/54 MP: 1/8
  3960 | D:3      | Found a snail-covered altar of Cheibriados.
  4046 | D:4      | Found a shattered altar of Ashenzari.
  4331 | D:4      | Noticed an ogre
  4342 | D:4      | Killed an ogre
  4342 | D:4      | Reached skill level 4 in Fighting
  4342 | D:4      | Reached XP level 6. HP: 62/62 MP: 1/9
  4588 | D:4      | Found a sparkling altar of Nemelex Xobeh.
  5581 | D:5      | Entered Level 5 of the Dungeon
  5723 | D:5      | Found a transporter.
  5774 | D:5      | Reached skill level 5 in Fighting
  5774 | D:5      | Reached XP level 7. HP: 72/72 MP: 6/10
  6168 | D:5      | Found a transporter.
  6226 | D:4      | Learned a level 4 spell: Ice Form
  6497 | D:5      | Noticed Curus's ghost (novice HOBe)
  6525 | D:5      | Reached skill level 1 in Ice Magic
  6534 | D:5      | Reached XP level 8. HP: 35/83 MP: 6/11
  6790 | D:5      | Found a staircase to the Ecumenical Temple.
  6815 | Temple   | Entered the Ecumenical Temple
  6877 | Temple   | Became a worshipper of Warmaster Okawaru
  7795 | D:6      | Found a shadowy altar of Dithmenos.
  9048 | D:7      | Noticed a troll
  9072 | D:7      | Mangled by a troll

Skill      XL: |  1  2  3  4  5  6  7  8 |
---------------+-------------------------+-----
Fighting       | 2 3 4 5 |  5.7
Unarmed Combat | 3 4 |  4.5
Transmutations | 2 3 4 |  4.7
Poison Magic   | 1 2 |  2.5
Dodging        | 2 3 |  3.7
Ice Magic      | 2 3 |  3.3
Spellcasting   | 4 |  4.1

Action                   |  1- 3 |  4- 6 |  7- 9 || total
-------------------------+-------+-------+-------++-------
Melee: Unarmed           |    99 |   233 |   218 ||   550
       Headbutt          |     2 |       |       ||     2
       Kick              |     2 |     1 |       ||     3
       Punch             |       |     5 |     2 ||     7
 Cast: Beastly Appendage |    12 |     2 |     2 ||    16
       Spider Form       |     3 |    12 |    14 ||    29
       Sticks to Snakes  |     1 |    10 |     6 ||    17
  Use: Potion            |       |     6 |     2 ||     8
       Scroll            |       |     7 |     5 ||    12
 Stab: Distracted        |       |     1 |       ||     1
       Sleeping          |       |       |     2 ||     2
  Eat: Chunk             |     2 |     7 |     6 ||    15
       Ration            |       |     3 |     2 ||     5
Armor: Robe              |    35 |    57 |    24 ||   116
       Skin              |       |     1 |     2 ||     3
Dodge: Dodged            |    66 |   170 |   173 ||   409
